 Dungeon Crawl Stone Soup version 0.21.1-1-g345015f (webtiles) character file.

123 prawnwizard the Magician (level 5, -3/37 HPs)
             Began as a Gnoll Wizard on July 8, 2018.
             Slain by a gnoll
             ... wielding a cursed -2 club
              (8 damage)
             ... on level 3 of the Dungeon.
             The game lasted 00:05:28 (3064 turns).

prawnwizard the Magician (Gnoll Wizard)             Turns: 3064, Time: 00:05:29

Health: -3/37      AC:  2    Str:  9    XL:     5   Next: 7%
Magic:  1/14       EV: 14    Int: 22    God:
Gold:   101        SH:  0    Dex: 13    Spells: 17/18 levels left

rFire    . . .     SeeInvis .   o - +0 dagger (holy)
rCold    . . .     Gourm    .   (no shield)
rNeg     + . .     Faith    .   m - +0 robe {MR+}
rPois    .         Spirit   .   b - +0 hat
rElec    .         Reflect  .   (no cloak)
rCorr    .         Harm     .   (no gloves)
MR       +....                  (no boots)
Stlth    +++.......             (no amulet)
HPRegen  0.12/turn              t - ring of positive energy
MPRegen  0.14/turn              (no ring)

@: no status effects
A: distributed training, fangs 1, strong nose
a: no special abilities


You were on level 3 of the Dungeon.
You were not hungry.

You visited 1 branch of the dungeon, and saw 3 of its levels.

You collected 101 gold pieces.

Inventory:

Hand Weapons
 f - a -1 dagger
 o - a +0 dagger of holy wrath (weapon)
Armour
 a - a +0 robe
 b - a +0 hat (worn)
 m - a +0 robe of magic resistance (worn)
Jewellery
 t - a ring of positive energy (left hand)
 v - a +4 ring of dexterity {unknown}
Wands
 q - a wand of flame (12)
Scrolls
 g - 2 scrolls of teleportation {unknown}
 h - a scroll of amnesia {unknown}
 l - a scroll of fear {unknown}
 s - a scroll of enchant weapon {unknown}
 u - a scroll of fog {unknown}
Potions
 e - 3 potions of degeneration
 i - 2 potions of lignification {unknown}
 j - a potion of haste {unknown}
 k - a potion of ambrosia {unknown}
 n - a potion of mutation {unknown}
 r - a potion of curing {unknown}
Books
 c - a book of Minor Magic

   Spells                             Type                      Level
   a - Magic Dart                     Conjuration                  1
   b - Blink                          Translocation                2
   c - Call Imp                       Summoning                    2
   d - Slow                           Hexes                        2
   e - Conjure Flame                  Conjuration/Fire             3
   f - Mephitic Cloud                 Conjuration/Poison/Air       3
Comestibles
 d - 7 rations
 p - 2 chunks of flesh


   Skills:
 + Level 1.3 Fighting
 + Level 1.3 Short Blades
 + Level 1.3 Long Blades
 + Level 1.3 Axes
 + Level 1.3 Maces & Flails
 + Level 1.3 Polearms
 + Level 1.3 Staves
 + Level 1.3 Slings
 + Level 1.3 Bows
 + Level 1.3 Crossbows
 + Level 1.3 Throwing
 + Level 1.3 Armour
 + Level 4.7 Dodging
 + Level 4.3 Stealth
 + Level 1.3 Shields
 + Level 1.3 Unarmed Combat
 + Level 7.2 Spellcasting
 + Level 2.3 Conjurations
 + Level 1.0 Hexes
 + Level 1.0 Charms
 + Level 2.3 Summonings
 + Level 1.0 Necromancy
 + Level 2.3 Translocations
 + Level 1.0 Transmutations
 + Level 1.0 Fire Magic
 + Level 1.0 Ice Magic
 + Level 1.0 Air Magic
 + Level 1.0 Earth Magic
 + Level 1.0 Poison Magic
 + Level 1.4 Invocations
 + Level 1.3 Evocations


You had 17 spell levels left.
You knew the following spells:

 Your Spells              Type           Power        Failure   Level  Hunger
a - Magic Dart            Conj           ###.         3%          1    None


Dungeon Overview and Level Annotations

Branches:
Dungeon (3/15)

Altars:


Innate Abilities, Weirdness & Mutations

Your experience applies equally to all skills.
You have very sharp teeth.
Your uncanny sense of smell can sniff out nearby items.


Message History

You have reached level 5!
The gnoll closely misses you.
Casting: Magic Dart
Confirm with . or Enter, or press ? or * to list all spells.
Aiming: Magic Dart
Press: ? - help, Shift-Dir - straight line, f/p - gnoll
Aim: a gnoll, wielding a club (moderately wounded)
The magic dart hits the gnoll.
The gnoll is severely wounded.
The gnoll completely misses you.
Casting: Magic Dart
Confirm with . or Enter, or press ? or * to list all spells.
You don't have enough magic to cast that spell.
Unknown command.
You closely miss the gnoll.
The gnoll is severely wounded.
You hit the gnoll but do no damage.
The gnoll is severely wounded.
The gnoll hits you with a club!
You die...

### ##.## ####### ##...##
#.g...# ##..#..## #@###.#
##..###..## #)# #.# #..##
##..# #.###.####
##..###...#
##........######
##..#..#.#
##...##.##......##
##...##.#
##....)).##..###..###
##.###.#
#........)........... #.#
#.###........)...........
#.#
#........................


You could see a gnoll.

Vanquished Creatures
  2 gnolls (D:3)
  An adder (D:2)
  2 oozes
  3 worms
  3 dart slugs
  4 leopard geckos (D:1)
  5 orcs (D:3)
  2 ball pythons
  7 giant cockroaches
  9 goblins
  6 hobgoblins
  2 kobolds
  5 bats
  4 frilled lizards
  4 rats (D:1)
59 creatures vanquished.

Notes
Turn   | Place    | Note
-------+----------+-------------------------------------------
     0 | D:1      | prawnwizard the Gnoll Wizard began the quest for the Orb.
     0 | D:1      | Reached XP level 1. HP: 13/13 MP: 8/8
   416 | D:1      | Reached XP level 2. HP: 19/19 MP: 7/10
   980 | D:1      | Reached XP level 3. HP: 20/25 MP: 5/11
  1335 | D:1      | Reached skill level 1 in Invocations
  1716 | D:2      | Reached skill level 1 in Fighting
  1716 | D:2      | Reached skill level 1 in Short Blades
  1716 | D:2      | Reached skill level 1 in Long Blades
  1716 | D:2      | Reached skill level 1 in Axes
  1716 | D:2      | Reached skill level 1 in Maces & Flails
  1716 | D:2      | Reached skill level 1 in Polearms
  1716 | D:2      | Reached skill level 1 in Staves
  1716 | D:2      | Reached skill level 1 in Slings
  1716 | D:2      | Reached skill level 1 in Bows
  1716 | D:2      | Reached skill level 1 in Crossbows
  1716 | D:2      | Reached skill level 1 in Throwing
  1716 | D:2      | Reached skill level 1 in Armour
  1716 | D:2      | Reached skill level 1 in Shields
  1716 | D:2      | Reached skill level 1 in Unarmed Combat
  1716 | D:2      | Reached skill level 1 in Evocations
  1919 | D:2      | Reached XP level 4. HP: 18/32 MP: 0/13
  2969 | D:3      | Reached skill level 1 in Hexes
  2969 | D:3      | Reached skill level 1 in Charms
  2969 | D:3      | Reached skill level 1 in Necromancy
  2969 | D:3      | Reached skill level 1 in Transmutations
  2969 | D:3      | Reached skill level 1 in Fire Magic
  2969 | D:3      | Reached skill level 1 in Ice Magic
  2969 | D:3      | Reached skill level 1 in Air Magic
  2969 | D:3      | Reached skill level 1 in Earth Magic
  2969 | D:3      | Reached skill level 1 in Poison Magic
  3061 | D:3      | Reached XP level 5. HP: 5/37 MP: 1/14
  3064 | D:3      | Slain by a gnoll

Skill      XL: |  1  2  3  4 |
---------------+-------------+-----
Conjurations   | 2 |  2.3
Summonings     | 2 |  2.3
Translocations | 2 |  2.3
Invocations    | 1 |  1.4
Fighting       | 1 |  1.3
Short Blades   | 1 |  1.3
Long Blades    | 1 |  1.3
Axes           | 1 |  1.3
Maces & Flails | 1 |  1.3
Polearms       | 1 |  1.3
Staves         | 1 |  1.3
Slings         | 1 |  1.3
Bows           | 1 |  1.3
Crossbows      | 1 |  1.3
Throwing       | 1 |  1.3
Armour         | 1 |  1.3
Shields        | 1 |  1.3
Unarmed Combat | 1 |  1.3
Evocations     | 1 |  1.3
Hexes          | 1 |  1.0
Charms         | 1 |  1.0
Necromancy     | 1 |  1.0
Transmutations | 1 |  1.0
Fire Magic     | 1 |  1.0
Ice Magic      | 1 |  1.0
Air Magic      | 1 |  1.0
Earth Magic    | 1 |  1.0
Poison Magic   | 1 |  1.0
Dodging        | |  4.7
Stealth        | |  4.3
Spellcasting   | |  7.2

Action                   |  1- 3 |  4- 6 || total
-------------------------+-------+-------++-------
Melee: Unarmed           |    16 |       ||    16
       Bite              |     2 |     1 ||     3
       Dagger            |     2 |    24 ||    26
 Cast: Magic Dart        |    82 |    68 ||   150
  Use: Scroll            |     2 |       ||     2
  Eat: Chunk             |     3 |     3 ||     6
Armor: Robe              |     1 |       ||     1
Dodge: Dodged            |    20 |    28 ||    48
